 Dungeon Crawl Stone Soup version 0.17.0-24-gcfadda4 (webtiles) character file.

1568 Ponchio the Thaumaturge (level 8, -5/41 HPs)
             Began as a Deep Elf Fire Elementalist on Nov 15, 2015.
             Was a Follower of Vehumet.
             Slain by an orc warrior
             ... wielding a +0 dire flail
              (22 damage)
             ... on level 7 of the Dungeon.
             The game lasted 00:49:20 (7749 turns).

Ponchio the Thaumaturge (DEFE)                      Turns: 7749, Time: 00:49:20

Health: -5/41      AC:  4    Str:  5    XL:     8   Next: 59%
Magic:  6/22       EV: 15    Int: 23    God:    Vehumet [*.....]
Gold:   284        SH:  0    Dex: 15    Spells: 3 memorised, 15 levels left

rFire  . . .     SeeInvis .     q - +3 dagger (venom)
rCold  . . .     Clarity  .     a - +0 robe
rNeg   . . .     SustAt   .     (no shield)
rPois  +         Gourm    .     (no helmet)
rElec  .         Spirit   .     j - +0 cloak
rCorr  .         Warding  .     (no gloves)
rMut   .         Stasis   .     d - +0 pair of boots
MR     .....                    n - amulet of faith
Stlth  ++........               e - +2 ring of evasion
                                u - ring of poison resistance

@: not resistant to hostile enchantments, unstealthy
A: no striking features
a: Renounce Religion


You were on level 7 of the Dungeon.
You worshipped Vehumet.
Vehumet was aware of your devotion.
You were hungry.

You visited 2 branches of the dungeon, and saw 8 of its levels.

You collected 284 gold pieces.

Inventory:

Hand Weapons
 q - a +3 dagger of venom (weapon)
Armour
 a - a +0 robe (worn)
 d - a +0 pair of boots (worn)
 j - a +0 cloak (worn)
 s - a -2 robe
Jewellery
 e - a +2 ring of evasion (right hand)
 n - an amulet of faith (around neck)
 u - a ring of poison resistance (left hand)
 y - an uncursed amulet of rage
 z - an uncursed amulet of resist corrosion
Wands
 x - a wand of slowing (6)
 C - a wand of digging (7)
Scrolls
 f - a scroll of blinking
 g - a scroll of enchant weapon
 k - 2 scrolls of amnesia
 l - a scroll of fear
 w - 2 scrolls of teleportation
Potions
 i - 3 potions of curing
 m - 2 potions of cure mutation
 r - a potion of lignification
 t - a potion of magic
 v - a potion of might
 A - a potion of cancellation
 F - a potion of heal wounds
Books
 b - a book of Flames

   Spells                             Type                      Level
   a - Flame Tongue                   Conjuration/Fire             1
   b - Throw Flame                    Conjuration/Fire             2
   c - Conjure Flame                  Conjuration/Fire             3
   d - Inner Flame                    Hexes/Fire                   3
   e - Sticky Flame                   Conjuration/Fire             4
   f - Fireball                       Conjuration/Fire             5
 h - a book of Burglary

   Spells                             Type                      Level
   a - Swiftness                      Charms/Air                   2
   b - Passwall                       Transmutation/Earth          3
   c - Passage of Golubria            Translocation                4
   d - Lee's Rapid Deconstruction     Earth                        5
   e - Darkness                       Hexes                        6
   f - Invisibility                   Hexes                        6
Comestibles
 c - 3 bread rations
 o - a beef jerky
 p - 2 meat rations
 D - a slice of pizza


   Skills:
 - Level 2.4 Dodging
 - Level 2.4 Stealth
 + Level 8.2 Spellcasting
 * Level 7.8 Conjurations
 + Level 7.0 Fire Magic


You had 15 spell levels left.
You knew the following spells:

 Your Spells              Type           Power        Failure   Level  Hunger
a - Flame Tongue          Conj/Fire      #####        1%          1    None
b - Throw Flame           Conj/Fire      #####.       1%          2    None
c - Fireball              Conj/Fire      #####.....   10%         5    #####..


Dungeon Overview and Level Annotations

Branches:
Dungeon (7/15)             Temple (1/1) D:6

Altars:
Ashenzari
Cheibriados
Gozag
Kikubaaqudgha
Nemelex Xobeh
Okawaru
Ru
Vehumet
Xom
Zin

Shops:
D:6 :


Message History

The orc warrior is moderately wounded.
The orc warrior hits you with a dire flail!!
Ouch! That really hurt!
Casting: Throw Flame
Confirm with . or Enter, or press ? or * to list all spells.
Aiming: Throw Flame
Press: ? - help, Shift-Dir - straight line, f/p - orc warrior
Aim: an orc warrior, wielding a dire flail and wearing a chain mail (moderately wounded)
The puff of flame hits the orc warrior.
The orc warrior appears unharmed.
The orc warrior is moderately wounded.
Casting: Throw Flame
Confirm with . or Enter, or press ? or * to list all spells.
Aiming: Throw Flame
Press: ? - help, Shift-Dir - straight line, f/p - orc warrior
Aim: an orc warrior, wielding a dire flail and wearing a chain mail (moderately wounded)
The puff of flame hits the orc warrior.
The orc warrior is heavily wounded.
The orc warrior hits you with a dire flail!!
Ouch! That really hurt!
You die...

#.....# #.....#
#######.#.###
#......)))..#
###.#####.#...†..#
#.......#.#.#.#..#
#.#.###.#.###.#..#
#.#.###.#........#
#...o@..#.#...#.#
###.###.#......?.
#.........#.###.##
#.#.#.......# #
#...#.#.###.# #
#.#.#.# ## ..#.#.#
#.# #.# ...


You could see an orc warrior.

Vanquished Creatures
  Edmund (D:4)
  A phantom (D:6)
  An orc warrior (D:7)
  A centaur (D:6)
  2 giant frogs (D:6)
  2 ogres (D:6)
  A scorpion (D:4)
  2 crimson imps (D:5)
  2 hounds
  4 orc priests
  5 orc wizards
  Ijyb (D:2)
  2 centaur skeletons
  2 iguanas
  2 worker ants
  A worker ant zombie (D:6)
  5 adders
  3 adder skeletons (D:5)
  6 worms
  38 orcs
  7 bats
  8 giant cockroaches
  A goblin (D:2)
  5 hobgoblins
  4 quokkas
  A ball python (D:3)
  A ball python skeleton (D:6)
  5 giant geckos
  8 giant newts
  13 jackals
  7 kobolds
  5 rats
147 creatures vanquished.

Notes
Turn   | Place    | Note
--------------------------------------------------------------
     0 | D:1      | Ponchio the Deep Elf Fire Elementalist began the quest for the Orb.
     0 | D:1      | Reached XP level 1. HP: 10/10 MP: 6/6
   268 | D:1      | Reached XP level 2. HP: 15/15 MP: 4/8
   574 | D:1      | Found a shimmering altar of Xom.
   989 | D:2      | Reached XP level 3. HP: 7/19 MP: 1/10
  1267 | D:2      | Reached skill level 4 in Spellcasting
  1346 | D:2      | Noticed Ijyb
  1354 | D:2      | Killed Ijyb
  1354 | D:2      | Reached XP level 4. HP: 21/24 MP: 4/12
  1798 | D:2      | Found an opulent altar of Gozag.
  1801 | D:2      | Found a snail-covered altar of Cheibriados.
  2159 | D:3      | Found an ancient bone altar of Kikubaaqudgha.
  2252 | D:3      | Learned a level 2 spell: Throw Flame
  2259 | D:3      | Reached skill level 5 in Spellcasting
  2259 | D:3      | Reached XP level 5. HP: 15/28 MP: 4/14
  3655 | D:4      | Reached XP level 6. HP: 32/32 MP: 10/16
  3751 | D:4      | Reached skill level 5 in Fire Magic
  4073 | D:4      | Found a shattered altar of Ashenzari.
  4085 | D:4      | Reached skill level 6 in Spellcasting
  4620 | D:4      | Learned a level 5 spell: Fireball
  4623 | D:5      | Entered Level 5 of the Dungeon
  4656 | D:5      | Noticed Edmund
  4939 | D:4      | HP: 1/32 [Edmund/wand of flame (5)]
  4964 | D:4      | Killed Edmund
  4964 | D:4      | Reached XP level 7. HP: 31/36 MP: 13/18
  5338 | D:5      | Reached skill level 5 in Conjurations
  5719 | D:5      | Reached skill level 7 in Spellcasting
  5954 | D:6      | Found a staircase to the Ecumenical Temple.
  5963 | Temple   | Entered the Ecumenical Temple
  6027 | Temple   | Became a worshipper of Vehumet
  6299 | D:6      | Reached XP level 8. HP: 38/41 MP: 0/21
  6603 | D:6      | Found an opulent altar of Gozag.
  7142 | D:6      | Found Siec's Book Boutique.
  7372 | D:6      | Reached * piety under Vehumet
  7372 | D:6      | Offered knowledge of Shock by Vehumet.
  7392 | D:6      | Reached skill level 8 in Spellcasting
  7749 | D:7      | Slain by an orc warrior

Action                   |  1- 3 |  4- 6 |  7- 9 || total
-------------------------+-------+-------+-------++-------
Melee: Unarmed           |     1 |     3 |       ||     4
       Dagger            |       |    12 |    40 ||    52
 Cast: Flame Tongue      |    66 |    58 |       ||   124
       Throw Flame       |       |    84 |   128 ||   212
Evoke: Wand              |       |     1 |       ||     1
  Use: Scroll            |       |    11 |     3 ||    14
       Potion            |       |     9 |       ||     9
  Eat: Chunk             |     1 |     9 |     7 ||    17
       Beef jerky        |       |     1 |     1 ||     2
